 Dungeon Crawl Stone Soup version 0.28.0-47-ge53b351184 (webtiles) character file.

Game seed: 984396912364678793

4613 101zpm the Thaumaturge (level 10, -6/60 HPs)
             Began as a Djinni Fire Elementalist on May 9, 2022.
             Mangled by a boulder beetle (49 damage)
             ... on level 9 of the Dungeon.
             The game lasted 00:19:16 (10528 turns).

101zpm the Thaumaturge (Djinni Fire Elementalist)  Turns: 10528, Time: 00:19:19

Health: -6/60      AC:  4    Str:  7    XL:     10   Next: 69%
Gold:   452        EV: 12    Int: 21    God:
                   SH:  0    Dex: 14

rFire   + + .      SeeInvis .   (no weapon)
rCold   x . .      Faith    .   (no shield)
rNeg    . . .      Spirit   .   a - +0 robe
rPois   ∞          Reflect  .   (no helmet)
rElec   .          Harm     .   j - +0 cloak
rCorr   .          Rampage  .   v - +0 pair of gloves
Will    ++...                   (boots unavailable)
Stlth   ++........              w - amulet of regeneration
HPRegen 1.00/turn               i - ring of willpower
MPRegen 0.00/turn               (no ring)

@: flying
A: sickness immunity, fire resistance 2, cold vulnerability 1, float, innate
caster, HP casting, extra vitality 1
a: no special abilities


You were on level 9 of the Dungeon.
You visited 2 branches of the dungeon, and saw 10 of its levels.
You also visited: Bailey.

You collected 452 gold pieces.

Inventory:

Hand Weapons
 s - a +4 quarterstaff of chaos
Missiles
 b - a throwing net
Armour
 a - a +0 robe (worn)
 j - a +0 cloak (worn)
 v - a +0 pair of gloves (worn)
 C - the +6 chain mail "Zuscheyr" {Int+3 Slay+6 Stlth+}
   (You found it in a bailey)

   Int:       It affects your intelligence (+3).
   Slay:      It affects your accuracy & damage with ranged weapons and melee
   (+6).
   Stlth:     It makes you more stealthy.
Jewellery
 i - a ring of willpower (left hand)
 w - an amulet of regeneration (around neck)
Wands
 k - a wand of digging (2)
 m - a wand of iceblast (7)
 p - a wand of flame (30)
Scrolls
 d - a scroll of teleportation
 e - 3 scrolls of enchant armour
 f - 2 scrolls of torment
 l - a scroll of amnesia
 n - 3 scrolls of fear {unknown}
 o - a scroll of noise {unknown}
 q - a scroll of vulnerability {unknown}
 r - a scroll of silence {unknown}
 t - 2 scrolls of acquirement {unknown}
 x - a scroll of immolation {unknown}
 y - a scroll of enchant weapon {unknown}
 B - a scroll of summoning {unknown}
Potions
 c - a potion of curing {unknown}
 g - 2 potions of haste {unknown}
 h - 5 potions of heal wounds {unknown}
 u - a potion of ambrosia {unknown}
 z - a potion of magic {unknown}
 A - a potion of cancellation {unknown}


   Skills:
 + Level 0.3 Fighting
 + Level 2.7 Dodging
 + Level 3.3 Stealth
 + Level 11.4 Spellcasting


You had 8 spell levels left.
You knew the following spells:

 Your Spells              Type           Power      Damage    Failure   Level
a - Foxfire               Conj/Fire      100%       2x1d9     1%          1
b - Scorch                Fire           100%       2d10      1%          2
c - Conjure Flame         Conj/Fire      57%        6-21      1%          3
d - Inner Flame           Hex/Fire       57%        N/A       1%          3
e - Flame Wave            Conj/Fire      57%        2d11      1%          4
f - Pain                  Necr           100%       1d9       1%          1
g - Static Discharge      Conj/Air       57%        N/A       1%          2
h - Dazzling Flash        Conj/Hex       100%       N/A       1%          3
i - Animate Dead          Necr           28%        N/A       1%          4
Your spell library was empty.

Dungeon Overview and Level Annotations

Branches:
Dungeon (9/15)             Temple (1/1) D:4          Bailey (visited)
   Lair: D:8-11         Orc: D:9-12

Altars:
Ashenzari
Cheibriados
Dithmenos
Elyvilon
Fedhas
Gozag
Kikubaaqudgha
Makhleb
Okawaru
Qazlal
Ru
Sif Muna
Trog
Uskayaw
Vehumet
Wu Jian
Yredelemnul
Zin
The Shining One


Innate Abilities, Weirdness & Mutations

You are immune to sickness and miasma.
You are immune to poison.
Your flesh is very heat resistant. (rF++)
You are vulnerable to cold. (rC-)
You float through the air rather than walking.
You learn spells naturally, not from books.
Your magical power is your life essence.
You have superior vitality. (+4 MHP)


Message History

Press: ? - help, Dir - move target, f - boulder beetle
Aim: a boulder beetle (asleep, ally target, chance to affect: 87%)
The boulder beetle barely resists.
The boulder beetle leaps!
You conjure some foxfire!
Casting: Foxfire (safe; 1% risk of failure)
Confirm with . or Enter, or press ? or * to list all spells.
Aiming: Inner Flame (safe; 1% risk of failure)
Press: ? - help, Dir - move target, f - boulder beetle
Aim: a boulder beetle (sparse dust, chance to affect: 87%)
The boulder beetle is filled with an inner flame.
Your foxfire dissipates! x2
You conjure some foxfire!
Your foxfire dissipates!
Casting: Foxfire (safe; 1% risk of failure)
Confirm with . or Enter, or press ? or * to list all spells.
Aiming: Pain (safe; 1% risk of failure)
Press: ? - help, Shift-Dir - straight line, f - boulder beetle
Aim: a boulder beetle (wisps of flame, inner flame, chance to affect: 70%)
The boulder beetle writhes in agony.
Flame seeps out of the boulder beetle.
The foxfire hits the boulder beetle but does no damage.
The boulder beetle is lightly wounded.
You conjure some foxfire!
Casting: Foxfire (safe; 1% risk of failure)
Confirm with . or Enter, or press ? or * to list all spells.
The fire begins to smoulder!
The boulder beetle curls into a ball and begins rolling!
The foxfire hits the boulder beetle but does no damage.
The boulder beetle is lightly wounded.
Casting: Conjure Flame (safe; 1% risk of failure)
Confirm with . or Enter, or press ? or * to list all spells.
The fire ignites!
You are engulfed in blazing flames.
You resist.
Your foxfire dissipates! x2
Casting: Conjure Flame (safe; 1% risk of failure)
Confirm with . or Enter, or press ? or * to list all spells.
Flames lash the boulder beetle but do no damage.
You hear a shout!
The boulder beetle is engulfed in blazing flames.
Flame seeps out of the boulder beetle.
The boulder beetle hits you!!!
Ouch! That really hurt!
You die...

..........#
#.#######.#########
#.#####...........#
........#.#######.#
#.#######.### #.#
#.#######...# #.#
..°°B○○.###.# #.#
#B###.## #.# #@##.#.##
#.# #.#.###.###.#
#..## ##.##.#
.######§###..##.#
#.........#.#.##.##
#.########.##.##..#
#.# #.##.###.# ##.##
#.##.# #.#
#######...#######.##.#
#.#


You could see a boulder beetle (rolling, inner flame).

Vanquished Creatures
  2 vault guards (Bailey)
  Prince Ribbit (Bailey)
  A wyvern (D:8)
  5 humans (Bailey)
  2 water moccasins
  A black bear (D:6)
  A necrophage (D:7)
  2 centaurs
  A phantom (D:6)
  A kobold brigand (D:7)
  10 bullfrogs
  2 scorpions
  4 killer bees (D:8)
  2 howler monkeys (D:7)
  A centaur zombie (D:9)
  A centaur skeleton (D:7)
  3 jellies
  Crazy Yiuf (D:2)
  2 orc priests
  A hound (D:7)
  Terence (D:2)
  2 iguanas
  3 orc wizards
  A hound zombie (D:5)
  Robin (D:2)
  2 howler monkey zombies
  5 gnolls
  5 adders
  An ufetubus (D:5)
  A dart slug (D:2)
  17 orcs
  6 endoplasms
  5 giant cockroaches (D:1)
  17 goblins
  5 hobgoblins
  3 jackals (D:2)
  4 quokkas
  3 ball pythons
  7 bats
  A frilled lizard (D:2)
  11 kobolds
  2 rats (D:1)
147 creatures vanquished.

Vanquished Creatures (collateral kills)
  4 foxfires (D:1)
4 creatures vanquished.

Vanquished Creatures (others)
  666 foxfires
666 creatures vanquished.

Grand Total: 817 creatures vanquished

Notes
Turn   | Place    | Note
-------+----------+-------------------------------------------
     0 | D:1      | 101zpm the Djinni Fire Elementalist began the quest for the
                  | Orb.
     0 | D:1      | Reached XP level 1. HP: 15/15 MP: 0/0
   218 | D:2      | Noticed Robin
   224 | D:2      | Reached XP level 2. HP: 4/21 MP: 0/0
   611 | D:1      | Reached skill level 3 in Spellcasting
   967 | D:1      | Reached XP level 3. HP: 22/25 MP: 0/0
   967 | D:1      | Learned a level 1 spell: Pain
  1260 | D:2      | Found a shadowy altar of Dithmenos.
  1504 | D:2      | Killed Robin
  1505 | D:2      | Reached XP level 4. HP: 13/31 MP: 0/0
  2033 | D:2      | Found a runed translucent door.
  2038 | D:2      | Noticed Crazy Yiuf
  2313 | D:2      | Noticed Terence
  2321 | D:2      | Killed Terence
  2496 | D:2      | Reached skill level 4 in Spellcasting
  2891 | D:3      | Found a broken altar of Ashenzari.
  2904 | D:3      | Found a glowing golden altar of the Shining One.
  3095 | D:3      | Reached XP level 5. HP: 20/35 MP: 0/0
  3095 | D:3      | Learned a level 2 spell: Static Discharge
  4268 | D:4      | Found a staircase to the Ecumenical Temple.
  4274 | Temple   | Entered the Ecumenical Temple
  4451 | D:5      | Entered Level 5 of the Dungeon
  4504 | D:5      | Reached skill level 5 in Spellcasting
  4504 | D:5      | Reached XP level 6. HP: 33/40 MP: 0/0
  5413 | D:6      | Noticed a black bear
  5419 | D:6      | Killed a black bear
  5420 | D:6      | Reached XP level 7. HP: 36/45 MP: 0/0
  5420 | D:6      | Learned a level 3 spell: Dazzling Flash
  5446 | D:6      | Noticed a water moccasin
  5450 | D:6      | Killed a water moccasin
  5458 | D:6      | HP: 1/45 [centaur/arrow (12)]
  5460 | D:6      | Reached skill level 6 in Spellcasting
  6018 | D:6      | Reached XP level 8. HP: 34/50 MP: 0/0
  6692 | D:7      | Reached skill level 7 in Spellcasting
  6963 | D:7      | Found an ornate altar of the Wu Jian Council.
  7755 | D:7      | Reached skill level 8 in Spellcasting
  7775 | D:7      | Reached XP level 9. HP: 27/55 MP: 0/0
  7775 | D:7      | Learned a level 4 spell: Animate Dead
  8620 | D:2      | Killed Crazy Yiuf
  8910 | D:1      | Found a faded altar of an unknown god.
  8910 | D:1      | Noticed a rust devil
  9660 | D:8      | Reached skill level 9 in Spellcasting
  9715 | D:8      | Found a flagged portal.
  9724 | Bailey   | Entered a bailey
  9873 | Bailey   | Reached skill level 10 in Spellcasting
  9873 | Bailey   | Reached XP level 10. HP: 57/60 MP: 0/0
  9910 | Bailey   | Noticed a vault guard
  9927 | Bailey   | Killed a vault guard
  9958 | Bailey   | Noticed a vault guard
  9958 | Bailey   | Noticed Prince Ribbit
  9966 | Bailey   | Killed Prince Ribbit
  9967 | Bailey   | Reached skill level 11 in Spellcasting
  9977 | Bailey   | Killed a vault guard
 10074 | Bailey   | Identified the +6 chain mail "Zuscheyr" {Int+3 Slay+6
                  | Stlth+}
 10517 | D:9      | Noticed a boulder beetle
 10528 | D:9      | Mangled by a boulder beetle

Illustrated notes

Levels and vault maps discovered:
D:1:      scummos_arrival_simple_crosswalls, layout_loops_corners,
          dreamdust_ecumenical_altar_sealed_demon, minivault_25,
          minmay_tromino_mix6
D:2:      layout_basic, basic_altar, st_stairs_3, uniq_robin,
          uniq_crazy_yiuf_cottage, uniq_terence
D:3:      layout_loops_cross, mainiacjoe_overflow_big_doors
D:4:      layout_basic, minmay_temple_entry_fiery, serial_shops, shop
D:5:      lemuel_ice_spiral_2, layout_rooms, grunt_ministairs_8,
          kennysheep_generic_room_8
D:6:      layout_basic, chequers_decorated_corner
D:7:      layout_cave_pods, marbit_many_paths
D:8:      layout_basic, enter_bailey_2
D:9:      layout_loops_ring, nemelex_spade_bored_becter, serial_shops, shop
Temple:   kb_temple_of_zot

Skill      XL: |  1  2  3  4  5  6  7  8  9 10 |
---------------+-------------------------------+-----
Spellcasting   | 3 4 5 6 8 10 11 | 11.4
Stealth        | 2 3 |  3.3
Fighting       | |  0.3
Dodging        | |  2.7

Action                   |  1- 3 |  4- 6 |  7- 9 | 10-12 || total
-------------------------+-------+-------+-------+-------++-------
 Cast: Foxfire           |    55 |   147 |   173 |    42 ||   417
       Scorch            |    12 |    15 |    30 |    10 ||    67
       Inner Flame       |     3 |    11 |    48 |    14 ||    76
       Conjure Flame     |       |       |       |     2 ||     2
       Pain              |       |       |       |     1 ||     1
       Dazzling Flash    |       |       |       |     1 ||     1
       Flame Wave        |       |       |       |     1 ||     1
  Use: Scroll            |       |       |     4 |       ||     4
Armor: Robe              |       |     3 |     1 |     2 ||     6
Dodge: Dodged            |     7 |     3 |    13 |     5 ||    28
